 Dungeon Crawl Stone Soup version 0.26-a0-962-g9b92081034 (webtiles) character file.

Game seed: 15839382519227554313

414 Dracia the Poker (level 6, -1/50 HPs)
             Began as a Demonspawn Warper on Dec 2, 2020.
             Slain by an ogre
             ... wielding a +0 giant club
              (7 damage)
             ... on level 4 of the Dungeon.
             The game lasted 00:10:43 (5922 turns).

Dracia the Poker (Demonspawn Warper)                Turns: 5922, Time: 00:10:44

Health: -1/50      AC: 14    Str: 14    XL:     6   Next: 60%
Magic:  18/18      EV:  6    Int: 14    God:
Gold:   229        SH:  4    Dex: 12    Spells: 4/9 levels left

rFire    . . .     SeeInvis .   r - +0 trident
rCold    . . .     Faith    .   l - +0 buckler
rNeg     . . .     Spirit   .   k - +0 chain mail
rPois    .         Reflect  .   s - +1 hat
rElec    .         Harm     .   j - +2 cloak
rCorr    .         Rampage  .   (no gloves)
MR       .....                  (no boots)
Stlth    ..........             (no amulet)
HPRegen  0.16/turn              n - ring of magical power
MPRegen  0.16/turn              (no ring)

@: no status effects
A: talons 1, rugged brown scales 2, mutation resistance 1, robust 1
a: no special abilities


You were on level 4 of the Dungeon.
You visited 1 branch of the dungeon, and saw 4 of its levels.

You collected 229 gold pieces.


Innate Abilities, Weirdness & Mutations

You have sharp toenails.
You are mostly covered in rugged brown scales. (AC +2, +5% HP)
You are somewhat resistant to further mutation.
You are robust. (+10% HP)


   Skills:
 - Level 2.0 Fighting
 * Level 4.9 Polearms
 - Level 0.8 Throwing
 - Level 0.8 Armour
 - Level 1.7 Dodging
 + Level 2.4 Shields
 - Level 2.0 Spellcasting
 + Level 4.1 Translocations


You had 4 spell levels left.
You knew the following spells:

 Your Spells              Type           Power        Failure   Level
a - Blink                 Tloc           N/A          92%         2
b - Gell's Gravitas       Tloc           ##........   99%         3

Your spell library contained the following spells:

 Spells                   Type           Power        Failure   Level
 Lesser Beckoning         Tloc           ##........   99%         3
 Teleport Other           Tloc           ##......     99%         3
 Passage of Golubria      Tloc           N/A          100%        4

Inventory:

Hand Weapons
 a - a +1 spear
 o - a +0 halberd
 q - a +0 longbow
 r - a +0 trident (weapon)
Missiles
 d - 3 boomerangs
 e - 4 boomerangs of dispersal (quivered) {=f}
 m - a throwing net {=f}
Armour
 b - a +0 leather armour
 i - a +0 cloak
 j - a +2 cloak (worn)
 k - a +0 chain mail (worn)
 l - a +0 buckler (worn)
 s - a +1 hat (worn)
Jewellery
 n - a ring of magical power (left hand)
Scrolls
 c - 5 scrolls of identify {@r1}
 f - 2 scrolls of teleportation {@r4}
 g - 4 scrolls of fear
 p - a scroll of remove curse {@r2}
Potions
 h - a potion of brilliance
 t - a potion of curing {unknown}

Dungeon Overview and Level Annotations

Branches:
Dungeon (4/15)
 Temple: D:4-7

Altars:
Cheibriados
Qazlal
Yredelemnul
The Shining One

## . #. ###
#.##.## #.....#
..... #BO## ..
#.@.##
...##.##..##
..... #...#
.....##$##.#
##.....# #.##
.......###..#
...)...#......[#
......##......#
. .
.........#####


You could see an ogre and a worker ant.


Message History

You barely miss the ogre.
The ogre is lightly wounded.
The ogre hits you with a +0 giant club!
You completely miss the ogre. You claw the ogre.
The ogre is lightly wounded.
You closely miss the ogre.
The ogre is lightly wounded.
The ogre hits you with a +0 giant club.
You hit the ogre. You claw the ogre.
The ogre is moderately wounded.
The worker ant bites you but does no damage.
The ogre barely misses you.
The worker ant bites you but does no damage.
You barely miss the ogre.
The ogre is moderately wounded.
The ogre hits you with a +0 giant club! The worker ant bites you.
You puncture the ogre!
The ogre is severely wounded.
The worker ant closely misses you.
The ogre hits you with a +0 giant club!!
* * * LOW HITPOINT WARNING * * *
You barely miss the ogre.
The ogre is severely wounded.
The worker ant bites you.
* * * LOW HITPOINT WARNING * * *
You barely miss the ogre.
The ogre is severely wounded.
The worker ant bites you but does no damage.
The ogre hits you with a +0 giant club!
You die...

Skill      XL: |  1  2  3  4  5  6 |
---------------+-------------------+-----
Polearms       | 2 3 4 |  4.9
Translocations | 3 4 |  4.1
Shields        | 1 2 |  2.4
Fighting       | |  2.0
Throwing       | |  0.8
Armour         | |  0.8
Dodging        | |  1.7
Spellcasting   | |  2.0

Action                   |  1- 3 |  4- 6 || total
-------------------------+-------+-------++-------
Melee: Spear             |   223 |   203 ||   426
       Kick              |       |    37 ||    37
       Trident           |       |    10 ||    10
Throw: Boomerang         |       |     1 ||     1
 Cast: Gell's Gravitas   |       |     1 ||     1
  Use: Scroll            |     3 |     6 ||     9
       Potion            |       |     7 ||     7
 Stab: Sleeping          |     1 |       ||     1
Armor: Leather armour    |    85 |    54 ||   139
       Chain mail        |       |    47 ||    47
Dodge: Dodged            |   125 |    79 ||   204
Block: Buckler           |    10 |    32 ||    42

Levels and vault maps discovered:
D:1:      dpeg_arrival_long_road, layout_basic
D:2:      layout_loops_corners, grunt_temple_overflow_holy_war,
          lemuel_crystal_altar
D:3:      layout_basic, grunt_qazlal_sundering, minivault_26, st_stairs_14,
          uniq_crazy_yiuf_cottage
D:4:      layout_cave_pools, minmay_vboxes, uniq_pikel

Notes
Turn   | Place    | Note
-------+----------+-------------------------------------------
     0 | D:1      | Dracia the Demonspawn Warper began the quest for the Orb.
     0 | D:1      | Reached XP level 1. HP: 16/16 MP: 3/3
   329 | D:1      | Reached skill level 2 in Polearms
   394 | D:1      | Gained mutation: You are partially covered in rugged brown
                  | scales. (AC +1, +3% HP) [demonic ancestry]
   394 | D:1      | Reached XP level 2. HP: 16/22 MP: 5/5
   397 | D:1      | Learned a level 2 spell: Blink
   588 | D:1      | Reached skill level 3 in Translocations
   916 | D:1      | Reached XP level 3. HP: 23/27 MP: 6/6
  1159 | D:2      | Reached skill level 3 in Polearms
  1205 | D:2      | Found a basalt altar of Yredelemnul.
  1623 | D:2      | Found a glowing golden altar of the Shining One.
  1682 | D:2      | Found a snail-covered altar of Cheibriados.
  2260 | D:2      | Gained mutation: You are mostly covered in rugged brown
                  | scales. (AC +2, +5% HP) [demonic ancestry]
  2260 | D:2      | Reached XP level 4. HP: 15/34 MP: 7/7
  2876 | D:2      | Learned a level 3 spell: Gell's Gravitas
  3118 | D:3      | Noticed an ogre
  3627 | D:2      | Reached skill level 1 in Shields
  3686 | D:2      | Gained mutation: You have sharp toenails. [demonic
                  | ancestry]
  3686 | D:2      | Reached XP level 5. HP: 39/39 MP: 8/8
  3749 | D:3      | Reached skill level 4 in Polearms
  4103 | D:3      | Found a stormy altar of Qazlal.
  4288 | D:3      | Found a runed translucent door.
  4289 | D:3      | Noticed Crazy Yiuf
  4484 | D:3      | Gained mutation: You are robust. (+10% HP) [potion of
                  | mutation]
  4484 | D:3      | Gained mutation: You are somewhat resistant to further
                  | mutation. [potion of mutation]
  4490 | D:3      | Killed Crazy Yiuf
  4961 | D:4      | Noticed an ogre
  5325 | D:3      | Reached skill level 2 in Shields
  5325 | D:3      | Reached XP level 6. HP: 37/50 MP: 9/9
  5415 | D:4      | Reached skill level 4 in Translocations
  5922 | D:4      | Slain by an ogre

Vanquished Creatures
  An ogre (D:4)
  A hound (D:3)
  2 orc wizards
  2 orc priests
  Crazy Yiuf (D:3)
  A hound skeleton (D:4)
  6 adders
  3 oozes
  4 dart slugs
  A leopard gecko (D:3)
  4 orcs
  2 giant cockroaches
  8 hobgoblins
  5 jackals
  2 quokkas
  A ball python (D:3)
  8 bats
  A frilled lizard (D:3)
  7 goblins
  4 kobolds
  5 rats
69 creatures vanquished.

Vanquished Creatures (others)
  A hobgoblin (D:2)
1 creature vanquished.

Grand Total: 70 creatures vanquished

Table legend: (Time is in decaauts)
 A = Elapsed time spent in this place.
 B = Non-inter-level travel time spent in this place.
 C = Inter-level travel time spent in this place.
 D = Time resting spent in this place.
 E = Time spent auto-exploring this place.
 F = Levels seen in this place.
 G = Mean time per level.
                   A        B        C        D        E       F      G
               +--------+--------+--------+--------+--------+-----+--------+
         Total |   5905 |   5687 |    218 |   2466 |   2397 |   4 | 1476.2 |
       Dungeon |   5905 |   5687 |    218 |   2466 |   2397 |   4 | 1476.2 |
               +--------+--------+--------+--------+--------+-----+--------+

Top non-repeatable levels by time:
     D:2: 2350 daAuts
     D:3: 1303 daAuts
     D:1: 1290 daAuts
     D:4: 960 daAuts

Table legend:
 A = Non-vault XP
 B = Vault XP
 C = Vault XP percentage of total XP
 D = Non-vault monster count
 E = Vault monster count
 F = Vault count percentage of total count
                 A         B        C        D         E       F
            +---------+---------+-------+---------+---------+-------
      Total |     550 |      42 |   7.1 |      66 |       3 |   4.3
            +---------+---------+-------+---------+---------+-------
        D:1 |      50 |       0 |   0.0 |      23 |       0 |   0.0
        D:2 |     138 |       1 |   0.7 |      22 |       1 |   4.3
        D:3 |     171 |      39 |  18.6 |      16 |       1 |   5.9
        D:4 |     191 |       2 |   1.0 |       5 |       1 |  16.7
            +---------+---------+-------+---------+---------+-------
